General information
- name: BNet
- type: Ladder team game (AT/RT)
- host: Battle.net
- saver: WillIPlayOrNot
map: Deathknell
- players: 8
- length: 29:47
- speed: Fast
- version: 1.27 W3XP
- replay type: Public
» download(341 KB)
Players
team 1 (winner)
MENDIEV (
yellow | 113 APM | 3354 actions | 29:46)
8 Mountain King
3 Storm Bolt
3 Bash
1 Avatar
1 Thunder Clap
6 Paladin
1 Holy Light
3 Devotion Aura
1 Divine Shield
1 Resurrection
» actions
| Assign group hotkey | 32 | |
| Basic commands | 343 | |
| Build / train | 149 | |
| Enter build submenu | 46 | |
| Enter hero's abilities submenu | 14 | |
| Give item / drop item | 1 | |
| Right click | 870 | |
| Select / deselect | 525 | |
| Select group hotkey | 1207 | |
| Use ability | 167 | |
3354 total
» units
| Peasant | 17 | |
| Rifleman | 19 | |
| Mortar Team | 5 | |
| Goblin Shredder | 2 | |
43 total
» upgrades
| Armor | 3 | |
| Gunpowder | 3 | |
| Masonry | 2 | |
| Long Rifles | 1 | |
| Flare | 1 | |
| Lumber Harvesting | 1 | |
| Fragmentation Shards | 1 | |
12 total
» buildings
| Altar of Kings | 2 | |
| Farm | 11 | |
| Blacksmith | 1 | |
| Scout Tower | 20 | |
| Barracks | 1 | |
| Arcane Tower | 4 | |
| Lumber Mill | 1 | |
| Arcane Vault | 1 | |
| Guard Tower | 16 | |
| Town Hall | 2 | |
| Keep | 1 | |
| Castle | 1 | |
| Workshop | 4 | |
65 total
» build order
00:36 Altar of Kings
00:38 Farm
00:58 Blacksmith
01:03 Scout Tower
01:11 Farm
01:54 Barracks
02:09 Arcane Tower
02:09 Arcane Tower
02:14 Lumber Mill
02:19 Scout Tower
02:28 Farm
02:49 Arcane Tower
03:23 Farm
05:00 Arcane Vault
05:03 Farm
05:44 Scout Tower
05:51 Scout Tower
07:29 Scout Tower
07:29 Scout Tower
07:30 Scout Tower
07:31 Scout Tower
07:31 Scout Tower
07:35 Scout Tower
07:38 Scout Tower
07:59 Guard Tower
08:00 Guard Tower
08:00 Guard Tower
08:39 Town Hall
08:47 Guard Tower
09:43 Keep
09:55 Guard Tower
10:46 Scout Tower
10:47 Scout Tower
12:06 Scout Tower
12:31 Castle
12:39 Guard Tower
12:43 Workshop
12:44 Workshop
12:47 Workshop
12:50 Workshop
13:15 Guard Tower
13:15 Guard Tower
13:16 Guard Tower
13:47 Farm
13:50 Farm
14:09 Farm
14:20 Farm
14:24 Scout Tower
14:58 Farm
15:16 Altar of Kings
15:45 Guard Tower
15:45 Guard Tower
17:52 Farm
18:15 Scout Tower
18:32 Scout Tower
18:38 Scout Tower
18:41 Scout Tower
18:42 Scout Tower
22:19 Guard Tower
22:20 Guard Tower
25:17 Town Hall
» items
| Scroll of Regeneration | 7 | |
| Lesser Clarity Potion | 7 | |
| Potion of Healing | 7 | |
| Scroll of Town Portal | 11 | |
| Potion of Mana | 1 | |
| Orb of Fire | 1 | |
34 total
biteuh (
green | 141 APM | 4201 actions | 29:46)
7 Goblin Tinker
3 Pocket Factory
2 Engineering Upgrade
1 Cluster Rockets
1 Robo-Goblin
» actions
| Assign group hotkey | 269 | |
| Basic commands | 21 | |
| Build / train | 135 | |
| ESC pressed | 8 | |
| Enter build submenu | 45 | |
| Enter hero's abilities submenu | 7 | |
| Remove unit from queue | 1 | |
| Right click | 1869 | |
| Select / deselect | 943 | |
| Select group hotkey | 745 | |
| Use ability | 158 | |
4201 total
» units
| Peasant | 18 | |
| Footman | 17 | |
| Siege Engine | 10 | |
| Flying Machine | 10 | |
| Gryphon Rider | 6 | |
61 total
» upgrades
| Lumber Harvesting | 2 | |
| Gunpowder | 3 | |
| Flak Cannons | 1 | |
| Flying Machine Bombs | 1 | |
| Storm Hammers | 1 | |
8 total
» buildings
| Barracks | 1 | |
| Farm | 8 | |
| Altar of Kings | 1 | |
| Scout Tower | 18 | |
| Arcane Vault | 3 | |
| Town Hall | 2 | |
| Arcane Tower | 5 | |
| Keep | 1 | |
| Lumber Mill | 1 | |
| Castle | 1 | |
| Blacksmith | 1 | |
| Guard Tower | 12 | |
| Workshop | 4 | |
| Gryphon Aviary | 3 | |
61 total
» build order
00:19 Barracks
00:32 Farm
00:43 Farm
01:03 Altar of Kings
01:28 Farm
02:44 Farm
03:05 Scout Tower
03:21 Arcane Vault
03:35 Town Hall
04:00 Scout Tower
04:02 Scout Tower
04:03 Scout Tower
04:29 Arcane Tower
05:43 Keep
06:37 Lumber Mill
06:51 Arcane Tower
07:11 Arcane Tower
07:13 Farm
08:44 Castle
08:50 Blacksmith
08:57 Guard Tower
08:58 Scout Tower
09:27 Workshop
09:30 Workshop
09:30 Workshop
09:56 Guard Tower
13:02 Scout Tower
13:02 Scout Tower
13:52 Guard Tower
13:52 Guard Tower
13:53 Scout Tower
13:53 Scout Tower
14:24 Arcane Tower
14:24 Guard Tower
14:25 Scout Tower
14:26 Scout Tower
14:47 Scout Tower
14:48 Scout Tower
14:53 Workshop
15:00 Arcane Tower
15:21 Guard Tower
15:21 Guard Tower
15:22 Scout Tower
15:38 Farm
15:40 Farm
16:06 Guard Tower
16:41 Scout Tower
16:42 Scout Tower
17:11 Guard Tower
17:13 Guard Tower
17:17 Arcane Vault
19:52 Scout Tower
19:53 Scout Tower
20:28 Guard Tower
20:29 Guard Tower
20:53 Gryphon Aviary
20:54 Gryphon Aviary
20:55 Gryphon Aviary
22:59 Arcane Vault
23:30 Town Hall
24:06 Farm
» items
| Scroll of Regeneration | 11 | |
| Lesser Clarity Potion | 14 | |
| Scroll of Town Portal | 2 | |
| Potion of Healing | 4 | |
| Potion of Mana | 2 | |
| Orb of Fire | 1 | |
34 total
MaSteR4eVeR (
blue | 69 APM | 2054 actions | 29:46)
7 Archmage
3 Summon Water Elemental
2 Brilliance Aura
1 Mass Teleport
1 Blizzard
5 Mountain King
3 Storm Bolt
2 Bash
» actions
| Assign group hotkey | 53 | |
| Basic commands | 363 | |
| Build / train | 113 | |
| ESC pressed | 7 | |
| Enter build submenu | 29 | |
| Enter hero's abilities submenu | 12 | |
| Right click | 307 | |
| Select / deselect | 373 | |
| Select group hotkey | 579 | |
| Use ability | 218 | |
2054 total
» units
| Peasant | 18 | |
| Footman | 8 | |
| Rifleman | 18 | |
| Priest | 9 | |
| Sorceress | 5 | |
| Knight | 6 | |
64 total
» upgrades
| Armor | 2 | |
| Lumber Harvesting | 1 | |
| Gunpowder | 2 | |
| Long Rifles | 1 | |
| Sorceress Training | 2 | |
| Masonry | 1 | |
| Plating | 1 | |
| Backpack | 1 | |
11 total
» buildings
| Altar of Kings | 1 | |
| Barracks | 2 | |
| Farm | 7 | |
| Lumber Mill | 1 | |
| Arcane Vault | 1 | |
| Keep | 3 | |
| Scout Tower | 15 | |
| Blacksmith | 2 | |
| Arcane Tower | 2 | |
| Guard Tower | 7 | |
| Arcane Sanctum | 1 | |
| Town Hall | 2 | |
| Castle | 1 | |
45 total
» build order
00:16 Altar of Kings
00:23 Barracks
00:39 Farm
00:43 Farm
01:44 Farm
01:59 Lumber Mill
02:13 Arcane Vault
02:37 Farm
03:51 Keep
03:51 Keep
04:04 Scout Tower
04:13 Blacksmith
04:19 Scout Tower
04:40 Arcane Tower
04:45 Scout Tower
04:51 Guard Tower
05:15 Guard Tower
05:21 Scout Tower
05:25 Scout Tower
05:43 Blacksmith
05:47 Guard Tower
05:47 Guard Tower
05:47 Guard Tower
05:50 Guard Tower
06:32 Arcane Sanctum
06:37 Scout Tower
06:39 Scout Tower
06:42 Farm
08:47 Town Hall
10:12 Scout Tower
12:13 Farm
14:15 Castle
15:00 Town Hall
17:48 Guard Tower
18:26 Farm
18:40 Barracks
20:56 Scout Tower
20:57 Scout Tower
21:00 Scout Tower
21:19 Scout Tower
21:21 Scout Tower
22:23 Scout Tower
22:24 Scout Tower
» items
| Scroll of Regeneration | 1 | |
| Lesser Clarity Potion | 1 | |
| Potion of Healing | 1 | |
| Orb of Fire | 1 | |
4 total
WillIPlayOrNot (
teal | 35 APM | 1045 actions | 29:47)
2 Paladin
1 Divine Shield
1 Devotion Aura
» actions
| Assign group hotkey | 7 | |
| Basic commands | 7 | |
| Build / train | 64 | |
| Enter build submenu | 50 | |
| Enter hero's abilities submenu | 2 | |
| Right click | 306 | |
| Select / deselect | 235 | |
| Select group hotkey | 304 | |
| Use ability | 70 | |
1045 total
» units
| Peasant | 18 | |
| Flying Machine | 6 | |
| Siege Engine | 4 | |
28 total
» upgrades
| Masonry | 3 | |
| Lumber Harvesting | 2 | |
| Gunpowder | 3 | |
| Plating | 3 | |
| Flak Cannons | 1 | |
| Flying Machine Bombs | 1 | |
| Barrage | 1 | |
14 total
» buildings
| Keep | 1 | |
| Altar of Kings | 1 | |
| Scout Tower | 39 | |
| Lumber Mill | 2 | |
| Arcane Tower | 1 | |
| Castle | 1 | |
| Guard Tower | 16 | |
| Farm | 8 | |
| Blacksmith | 2 | |
| Workshop | 4 | |
| Town Hall | 1 | |
76 total
» build order
01:56 Keep
02:01 Altar of Kings
02:05 Scout Tower
02:11 Lumber Mill
03:10 Arcane Tower
10:27 Castle
12:13 Scout Tower
12:14 Scout Tower
12:15 Scout Tower
12:16 Scout Tower
12:17 Scout Tower
12:17 Scout Tower
12:19 Scout Tower
12:20 Scout Tower
12:21 Scout Tower
12:22 Scout Tower
12:23 Scout Tower
12:24 Scout Tower
12:30 Scout Tower
12:30 Scout Tower
12:31 Scout Tower
12:33 Scout Tower
12:45 Lumber Mill
12:50 Guard Tower
13:21 Guard Tower
13:28 Scout Tower
13:29 Scout Tower
13:30 Scout Tower
13:31 Scout Tower
13:37 Guard Tower
13:44 Scout Tower
13:45 Scout Tower
13:46 Scout Tower
13:52 Farm
13:54 Farm
13:57 Farm
14:02 Farm
14:06 Farm
14:11 Blacksmith
14:15 Blacksmith
14:17 Guard Tower
14:23 Guard Tower
15:58 Guard Tower
15:58 Guard Tower
16:13 Workshop
16:14 Workshop
16:16 Workshop
16:19 Workshop
16:24 Farm
16:27 Farm
16:41 Farm
26:39 Town Hall
26:43 Scout Tower
26:43 Scout Tower
26:44 Scout Tower
26:48 Scout Tower
27:13 Scout Tower
27:14 Scout Tower
27:14 Scout Tower
27:14 Scout Tower
27:15 Scout Tower
27:15 Scout Tower
27:15 Scout Tower
27:16 Scout Tower
27:16 Scout Tower
27:17 Scout Tower
27:19 Guard Tower
27:50 Guard Tower
27:52 Guard Tower
28:09 Guard Tower
28:17 Guard Tower
28:17 Guard Tower
28:17 Guard Tower
28:31 Guard Tower
team 2 (loser)

»
Fantasystorm (
red | 115 APM | 3418 actions | 29:35)
5 Blademaster
2 Wind Walk
3 Critical Strike
5 Shadow Hunter
2 Healing Wave
3 Serpent Ward
1 Naga Sea Witch
1 Frost Arrows
» actions
| Assign group hotkey | 49 | |
| Basic commands | 6 | |
| Build / train | 130 | |
| ESC pressed | 1 | |
| Enter build submenu | 19 | |
| Enter hero's abilities submenu | 11 | |
| Give item / drop item | 1 | |
| Remove unit from queue | 1 | |
| Right click | 1402 | |
| Select / deselect | 436 | |
| Select group hotkey | 1165 | |
| Use ability | 196 | |
3418 total
» units
| Peon | 11 | |
| Raider | 20 | |
| Goblin Shredder | 3 | |
| Shaman | 14 | |
| Demolisher | 4 | |
| Spirit Walker | 2 | |
| Troll Batrider | 3 | |
57 total
» upgrades
| Shaman Training | 2 | |
| Ensnare | 1 | |
| Pillage | 1 | |
| Reinforced Defenses | 1 | |
| Melee Weapons | 1 | |
| Armor | 1 | |
| Spirit Walker Training | 1 | |
8 total
» buildings
| Altar of Storms | 1 | |
| Orc Burrow | 6 | |
| Voodoo Lounge | 1 | |
| Stronghold | 6 | |
| War Mill | 1 | |
| Beastiary | 2 | |
| Spirit Lodge | 1 | |
| Fortress | 1 | |
| Great Hall | 3 | |
| Barracks | 1 | |
| Watch Tower | 4 | |
27 total
» build order
00:11 Altar of Storms
00:16 Orc Burrow
00:57 Voodoo Lounge
02:26 Stronghold
02:27 Stronghold
02:27 Stronghold
02:27 Stronghold
03:02 War Mill
03:07 Orc Burrow
04:53 Beastiary
04:55 Spirit Lodge
05:21 Fortress
05:34 Orc Burrow
07:38 Great Hall
11:01 Orc Burrow
11:01 Orc Burrow
11:01 Orc Burrow
13:15 Barracks
14:23 Beastiary
25:42 Great Hall
26:58 Great Hall
26:59 Watch Tower
27:07 Watch Tower
27:08 Watch Tower
27:13 Watch Tower
» items
| Healing Salve | 9 | |
| Lesser Clarity Potion | 18 | |
| Scroll of Speed | 7 | |
| Orb of Lightning | 2 | |
| Scroll of Town Portal | 3 | |
| Potion of Mana | 1 | |
40 total
kokRussia (
purple | 201 APM | 5993 actions | 29:45)
5 Blademaster
3 Wind Walk
2 Critical Strike
5 Shadow Hunter
2 Hex
3 Healing Wave
» actions
| Assign group hotkey | 54 | |
| Basic commands | 36 | |
| Build / train | 124 | |
| ESC pressed | 3 | |
| Enter build submenu | 33 | |
| Enter hero's abilities submenu | 10 | |
| Give item / drop item | 8 | |
| Right click | 2643 | |
| Select / deselect | 1069 | |
| Select group hotkey | 1852 | |
| Use ability | 160 | |
5993 total
» units
| Peon | 17 | |
| Grunt | 6 | |
| Kodo Beast | 7 | |
| Wind Rider | 1 | |
| Demolisher | 5 | |
| Troll Witch Doctor | 6 | |
| Tauren | 12 | |
| Gnoll Overseer | 2 | |
| Ice Troll Berserker | 3 | |
| Goblin Shredder | 1 | |
| Troll Batrider | 1 | |
61 total
» upgrades
| Witch Doctor Training | 2 | |
| Armor | 2 | |
| Reinforced Defenses | 1 | |
| Pulverize | 1 | |
| War Drums Damage Increase | 1 | |
| Melee Weapons | 2 | |
| Burning Oil | 1 | |
10 total
» buildings
| Altar of Storms | 1 | |
| Orc Burrow | 9 | |
| Barracks | 1 | |
| Voodoo Lounge | 1 | |
| Stronghold | 1 | |
| War Mill | 1 | |
| Fortress | 1 | |
| Beastiary | 1 | |
| Spirit Lodge | 1 | |
| Tauren Totem | 1 | |
| Watch Tower | 6 | |
| Great Hall | 2 | |
26 total
» build order
00:07 Altar of Storms
00:22 Orc Burrow
00:37 Barracks
01:27 Voodoo Lounge
01:53 Orc Burrow
03:59 Stronghold
04:12 War Mill
04:36 Orc Burrow
04:38 Orc Burrow
04:52 Orc Burrow
05:35 Orc Burrow
06:23 Fortress
06:26 Beastiary
06:29 Spirit Lodge
07:45 Orc Burrow
09:29 Tauren Totem
12:04 Watch Tower
12:21 Watch Tower
13:27 Great Hall
13:34 Orc Burrow
14:14 Orc Burrow
14:33 Watch Tower
22:35 Great Hall
22:50 Watch Tower
22:53 Watch Tower
22:59 Watch Tower
» items
| Healing Salve | 5 | |
| Lesser Clarity Potion | 7 | |
| Scroll of Speed | 3 | |
| Scroll of Town Portal | 1 | |
| Orb of Lightning | 5 | |
21 total

»
Patrone (
pink | 78 APM | 2300 actions | 29:38)
3 Warden
2 Fan of Knives
1 Shadow Strike
4 Priestess of the Moon
2 Trueshot Aura
2 Searing Arrows
3 Keeper of the Grove
1 Entangling Roots
2 Thorns Aura
» actions
| Assign group hotkey | 25 | |
| Build / train | 83 | |
| Enter build submenu | 49 | |
| Enter hero's abilities submenu | 10 | |
| Remove unit from queue | 3 | |
| Right click | 1433 | |
| Select / deselect | 464 | |
| Select group hotkey | 114 | |
| Use ability | 119 | |
2300 total
» units
| Wisp | 32 | |
| Archer | 12 | |
| Chimaera | 6 | |
| Hippogryph | 2 | |
52 total
» upgrades
| Corrosive Breath | 1 | |
| Strength of the Wild | 3 | |
| Improved Bows | 1 | |
5 total
» buildings
| Altar of Elders | 3 | |
| Moon Well | 12 | |
| Ancient of War | 3 | |
| Tree of Ages | 3 | |
| Ancient of Wonders | 3 | |
| Tree of Eternity | 2 | |
| Ancient of Wind | 2 | |
| Hunter's Hall | 1 | |
| Tree of Life | 1 | |
| Ancient Protector | 13 | |
| Chimaera Roost | 4 | |
| Ancient of Lore | 3 | |
50 total
» build order
00:22 Altar of Elders
00:37 Moon Well
00:50 Ancient of War
01:45 Moon Well
02:14 Moon Well
03:18 Tree of Ages
03:18 Tree of Ages
04:02 Moon Well
04:18 Ancient of Wonders
04:36 Moon Well
04:56 Moon Well
06:46 Tree of Eternity
06:51 Ancient of Wind
06:55 Hunter's Hall
07:38 Tree of Life
08:05 Ancient Protector
08:06 Ancient Protector
08:07 Ancient Protector
08:41 Moon Well
09:41 Ancient Protector
09:43 Moon Well
10:00 Chimaera Roost
10:56 Chimaera Roost
11:01 Chimaera Roost
12:16 Chimaera Roost
14:08 Ancient Protector
14:22 Moon Well
14:29 Ancient of Wonders
14:32 Ancient Protector
14:36 Ancient of Wonders
14:38 Ancient Protector
15:06 Moon Well
15:14 Ancient Protector
16:32 Ancient of Wind
16:47 Ancient Protector
16:50 Moon Well
16:53 Moon Well
17:41 Ancient Protector
20:12 Ancient of Lore
21:39 Altar of Elders
22:37 Ancient of Lore
22:42 Ancient of Lore
22:47 Ancient Protector
22:52 Ancient Protector
23:46 Ancient of War
23:57 Ancient of War
24:01 Ancient Protector
24:26 Altar of Elders
24:57 Tree of Ages
27:19 Tree of Eternity
» items
| Orb of Venom | 1 | |
| Dust of Appearance | 1 | |
| Lesser Clarity Potion | 1 | |
| Scroll of Town Portal | 1 | |
| Potion of Healing | 1 | |
5 total
KsiR (
orange | 108 APM | 3195 actions | 29:35)
5 Archmage
3 Summon Water Elemental
2 Brilliance Aura
4 Mountain King
2 Storm Bolt
2 Bash
» actions
| Assign group hotkey | 48 | |
| Basic commands | 117 | |
| Build / train | 97 | |
| ESC pressed | 1 | |
| Enter build submenu | 22 | |
| Enter hero's abilities submenu | 10 | |
| Remove unit from queue | 1 | |
| Right click | 1672 | |
| Select / deselect | 408 | |
| Select group hotkey | 681 | |
| Use ability | 138 | |
3195 total
» units
| Peasant | 22 | |
| Footman | 9 | |
| Priest | 3 | |
| Ice Troll Trapper | 1 | |
| Ice Troll Berserker | 2 | |
| Gnoll Overseer | 1 | |
| Spell Breaker | 3 | |
| Goblin Shredder | 1 | |
| Mortar Team | 6 | |
| Flying Machine | 13 | |
61 total
» upgrades
| Priest Training | 1 | |
| Gunpowder | 3 | |
| Flare | 1 | |
| Fragmentation Shards | 1 | |
| Flak Cannons | 1 | |
| Flying Machine Bombs | 1 | |
| Plating | 1 | |
9 total
» buildings
| Altar of Kings | 1 | |
| Barracks | 1 | |
| Farm | 10 | |
| Arcane Vault | 1 | |
| Keep | 2 | |
| Scout Tower | 1 | |
| Arcane Sanctum | 2 | |
| Arcane Tower | 2 | |
| Lumber Mill | 1 | |
| Town Hall | 1 | |
| Blacksmith | 1 | |
| Workshop | 2 | |
| Castle | 2 | |
27 total
» build order
00:09 Altar of Kings
00:19 Barracks
00:33 Farm
00:48 Farm
02:53 Arcane Vault
02:57 Farm
03:20 Keep
03:20 Keep
03:36 Farm
04:16 Farm
05:29 Scout Tower
07:23 Arcane Sanctum
07:46 Arcane Tower
07:46 Arcane Tower
07:48 Lumber Mill
09:08 Arcane Sanctum
09:47 Farm
09:48 Farm
12:06 Farm
12:07 Farm
14:08 Town Hall
14:28 Farm
15:21 Blacksmith
16:45 Workshop
16:48 Workshop
17:43 Castle
17:43 Castle
» items
Chat log
(00:26 / Allies) MENDIEV: hi
(00:28 / Allies) MaSteR4eVeR: hi
(00:29 / Allies) MENDIEV: mk rifles
(00:38 / Allies) biteuh: tinker foots harass
(01:40 / Allies) biteuh: ??
(02:57 / Allies) MENDIEV: bm
(04:09 / Allies) MENDIEV: make towerd
(05:12 / Allies) MENDIEV: militia man
(07:44 / Allies) MENDIEV: gold plz
(08:34 / Allies) MaSteR4eVeR: wood pls
(09:09 / Allies) biteuh: ????
(13:20 / Allies) MENDIEV: wood plz
(14:51 / Allies) biteuh: thx
(17:00 / Allies) MENDIEV: wood plz
(22:43 / Allies) MENDIEV: +go
(22:51 / Allies) MENDIEV: wait
(24:45 / Allies) MaSteR4eVeR: chek
(27:30 / Allies) MENDIEV: come
(29:40 / All) WillIPlayOrNot: HAHA
(29:41 / All) WillIPlayOrNot: OWNED
(29:43 / All) MENDIEV: lol